 Dungeon Crawl Stone Soup version 0.29-a0-304-gb34f9e133a (webtiles) character file.

Game seed: 12910471976132485523

905 mopl the Twirler (level 7, -6/51 (56) HPs)
             Began as a Palentonga Gladiator on Mar 26, 2022.
             Mangled by a hell rat (17 damage)
             ... in a sewer.
             The game lasted 00:04:30 (3225 turns).

mopl the Twirler (Palentonga Gladiator)             Turns: 3225, Time: 00:04:31

HP:   -6/51 (56)    AC: 12    Str: 17    XL:     7   Next: 80%
MP:   7/7           EV: 10    Int:  9    God:
Gold: 147           SH:  0    Dex: 13    Spells: 6/6 levels left

rFire   . . .      SeeInvis +   a - +0 quarterstaff
rCold   . . .      Faith    .   (shield currently unavailable)
rNeg    + . .      Spirit   .   b - +0 leather armour
rPois   +          Reflect  .   c - +0 helmet
rElec   .          Harm     .   (no cloak)
rCorr   .          Rampage  .   (no gloves)
Will    .....                   (no barding)
Stlth   +.........              i - amulet of regeneration
HPRegen 0.97/turn               m - ring of poison resistance
MPRegen 0.10/turn               p - ring of positive energy

@: drained, curled up
A: large, rugged brown scales 3, see invisible, deformed body, roll 1, armoured
tail, reflexive curl
a: Rolling Charge


You were in a sewer.
You visited 1 branch of the dungeon, and saw 4 of its levels.
You also visited: Sewer.

You collected 147 gold pieces.

Inventory:

Hand Weapons
 a - a +0 quarterstaff (weapon)
 q - a +1 hunting sling of freezing
Missiles
 d - 3 throwing nets
 e - a javelin
 j - 6 poisoned darts (quivered)
 r - 47 stones
 y - 5 boomerangs
Armour
 b - a +0 leather armour (worn)
 c - a +0 helmet (worn)
 x - a scarf of shadows
Jewellery
 i - an amulet of regeneration (around neck)
 m - a ring of poison resistance (left hand)
 p - a ring of positive energy (right hand)
 z - a +4 ring of evasion
Scrolls
 f - 2 scrolls of identify {unknown}
 k - 2 scrolls of enchant armour {unknown}
 n - 2 scrolls of fog {unknown}
 s - a scroll of holy word {unknown}
 t - a scroll of blinking {unknown}
 u - a scroll of summoning {unknown}
 w - a scroll of immolation {unknown}
Potions
 g - 2 potions of curing {unknown}
 h - a potion of resistance {unknown}
 l - a potion of attraction {unknown}
 o - a potion of magic {unknown}
 v - 2 potions of ambrosia {unknown}


   Skills:
 + Level 3.9 Fighting
 * Level 6.0 Staves
 + Level 3.0 Throwing
 + Level 2.7 Armour
 + Level 3.8 Dodging


You had 6 spell levels left.
You didn't know any spells.
Your spell library contained the following spells:

 Spells                   Type           Power      Damage    Failure   Level
 Passage of Golubria      Tloc           0%         N/A       99%         4
 Fireball                 Conj/Fire      0%         3d3       100%        5
 Iskenderun's Battlesphe  Conj           0%         2d6       100%        5
 Silence                  Hex/Air        0%         N/A       100%        5
 Conjure Ball Lightning   Conj/Air       0%         3x3d6     100%        6
 Orb of Destruction       Conj           0%         9d5       100%        7
 Lehudib's Crystal Spear  Conj/Erth      0%         10d2      100%        8


Dungeon Overview and Level Annotations

Branches:
Dungeon (4/15)              Sewer (1/1)
 Temple: D:4-7

Altars:
Hepliaklqana
Nemelex Xobeh


Innate Abilities, Weirdness & Mutations

You are completely covered in rugged brown scales. (AC +3, +7% HP)
You have supernaturally acute eyesight. (SInv)
Armour fits poorly on your strangely shaped body.
You can roll at nearby foes to attack.
You have a long armoured tail.
You curl defensively after being hit. (AC +7*)


Message History

You hit the hell rat but do no damage.
The hell rat is lightly wounded.
The hell rat bites you! x2; You partially resist.
You feel drained.
You barely miss the hell rat. You tail-slap the hell rat.
The hell rat is lightly wounded.
The hell rat closely misses you.
You thump the hell rat!
The hell rat is severely wounded.
The hell rat barely misses you.
You hit the hell rat but do no damage.
The hell rat is severely wounded.
The hell rat splashes around in the water.
You hit the hell rat but do no damage.
The hell rat is severely wounded.
The hell rat bites you! You partially resist.
You feel drained.
You are too injured to fight recklessly!
You are too injured to fight recklessly!
You are too injured to fight recklessly!
You are too injured to fight recklessly!
You are too injured to fight recklessly!
You are too injured to fight recklessly!
You are too injured to fight recklessly!
You are too injured to fight recklessly!
You are too injured to fight recklessly!
You are too injured to fight recklessly!
You are too injured to fight recklessly!
You are too injured to fight recklessly!
You are too injured to fight recklessly!
You are too injured to fight recklessly!
You closely miss the hell rat.
The hell rat is severely wounded.
The hell rat barely misses you. The hell rat bites you!
* * * LOW HITPOINT WARNING * * *
You partially resist.
You feel drained.
* * * LOW HITPOINT WARNING * * *
Okay, then.
Okay, then.
You see here a river rat corpse.
The hell rat attacks as you move away! The hell rat bites you!
You die...

#≈.≈.≈∩≈.≈..###
≈.≈..#####≈†...#
≈≈≈###?∩!###†.≈##
≈.##≈!!!!?≈##.≈≈#
r #≈.≈≈≈≈≈≈≈#..≈#
. ≈≈≈≈≈≈.##†≈≈#
≈≈. #≈≈≈###.≈≈##
≈.≈≈.##r##†..≈.#
#.≈≈.≈@≈≈≈.≈###
###.≈≈.≈..###
#########


You could see a hell rat.

Vanquished Creatures
  Sigmund (D:2)
  Edmund (D:4)
  2 black bears (D:4)
  A centaur (D:3)
  A necrophage (D:3)
  Blork the orc (D:4)
  A hound (D:4)
  An iguana (D:4)
  3 adders
  4 gnolls (D:4)
  2 river rats
  A worm (D:2)
  5 dart slugs
  4 orcs (D:4)
  2 bats
  6 endoplasms
  3 giant cockroaches
  6 goblins
  5 hobgoblins
  5 quokkas
  9 ball pythons
  6 frilled lizards
  5 kobolds
  16 rats
91 creatures vanquished.

Notes
Turn   | Place    | Note
-------+----------+-------------------------------------------
     0 | D:1      | mopl the Palentonga Gladiator began the quest for the Orb.
     0 | D:1      | Reached XP level 1. HP: 17/17 MP: 1/1
    92 | D:1      | Reached XP level 2. HP: 13/23 MP: 2/2
   829 | D:2      | Reached XP level 3. HP: 28/28 MP: 3/3
  1042 | D:2      | Noticed Sigmund
  1082 | D:2      | Killed Sigmund
  1083 | D:2      | Reached skill level 4 in Staves
  1083 | D:2      | Reached skill level 2 in Throwing
  1083 | D:2      | Reached skill level 1 in Armour
  1083 | D:2      | Reached skill level 3 in Dodging
  1083 | D:2      | Reached XP level 4. HP: 15/36 MP: 4/4
  1083 | D:2      | Reached XP level 5. HP: 18/42 MP: 5/5
  1421 | D:2      | Found a faded altar of an unknown god.
  1686 | D:3      | Noticed a centaur
  1697 | D:3      | Killed a centaur
  1698 | D:3      | Reached skill level 3 in Fighting
  1698 | D:3      | Reached XP level 6. HP: 21/50 MP: 6/6
  1936 | D:3      | Found a sparkling altar of Nemelex Xobeh.
  1936 | D:3      | Found a hazy altar of Hepliaklqana.
  2306 | D:3      | Reached skill level 2 in Armour
  2738 | D:4      | Reached skill level 5 in Staves
  2755 | D:4      | Noticed Edmund
  2775 | D:4      | Killed Edmund
  2776 | D:4      | Gained mutation: You curl defensively after being hit. (AC
                  | +7*) [Palentonga growth]
  2776 | D:4      | Reached XP level 7. HP: 21/55 MP: 7/7
  2869 | D:4      | Noticed Blork the orc
  2882 | D:4      | Killed Blork the orc
  2922 | D:4      | Reached skill level 3 in Throwing
  3132 | D:4      | Found a glowing drain.
  3169 | Sewer    | Entered a sewer
  3213 | Sewer    | Reached skill level 6 in Staves
  3225 | Sewer    | Mangled by a hell rat

Illustrated notes

Levels and vault maps discovered:
D:1:      mainiacjoe_arrival_reflecting_pool, layout_loops_ring
D:2:      layout_loops_corners, chequers_ecumenical_altar_simple_redux,
          uniq_sigmund
D:3:      layout_loops_corners, gammafunk_temple_overflow_elements,
          roderic_lattice_a, minmay_misc_feat_square
D:4:      layout_loops_ring, portal_sewer_entry_c, uniq_edmund,
          uniq_blork_the_orc
Sewer:    sewer_hellmonk_bad_rat

Skill      XL: |  1  2  3  4  5  6  7 |
---------------+----------------------+-----
Staves         | 4 5 6 |  6.0
Throwing       | 2 3 |  3.0
Armour         | 1 2 |  2.7
Dodging        | 3 |  3.8
Fighting       | 3 |  3.9

Action                   |  1- 3 |  4- 6 |  7- 9 || total
-------------------------+-------+-------+-------++-------
Melee: Quarterstaff      |    63 |    88 |   124 ||   275
       Tailslap          |     9 |    14 |    18 ||    41
Throw: Dart              |     6 |     8 |       ||    14
 Abil: Rolling Charge    |       |     1 |       ||     1
Armor: Leather armour    |    15 |    31 |    42 ||    88
Dodge: Dodged            |    29 |    49 |    73 ||   151

Table legend: (Time is in decaauts)
 A = Elapsed time spent in this place.
 B = Non-inter-level travel time spent in this place.
 C = Inter-level travel time spent in this place.
 D = Time resting spent in this place.
 E = Time spent auto-exploring this place.
 F = Levels seen in this place.
 G = Mean time per level.
                   A        B        C        D        E       F      G
               +--------+--------+--------+--------+--------+-----+--------+
         Total |   3248 |   3101 |    147 |    190 |   2070 |   5 |  649.6 |
       Dungeon |   3186 |   3039 |    147 |    190 |   2069 |   4 |  796.5 |
         Sewer |     62 |     62 |      0 |      0 |      1 |   1 |   62.0 |
               +--------+--------+--------+--------+--------+-----+--------+

Top non-repeatable levels by time:
     D:3: 1047 daAuts
     D:2: 860 daAuts
     D:1: 829 daAuts
     D:4: 449 daAuts
   Sewer: 62 daAuts
